 Dungeon Crawl Stone Soup version 0.29-a0-1033-gb6c65ffae6 (webtiles) character file.

Game seed: 2359905794118743366

56 porpoise the Stinger (level 3, -1/21 HPs)
             Began as an Octopode Venom Mage on Aug 14, 2022.
             Slain by Pargi (3 damage)
             ... on level 3 of the Dungeon.
             The game lasted 00:11:18 (2593 turns).

porpoise the Stinger (Octopode Venom Mage)          Turns: 2593, Time: 00:11:18

Health: -1/21      AC:  1    Str:  7    XL:     3   Next: 97%
Magic:  5/6        EV: 13    Int: 19    God:
Gold:   34         SH:  0    Dex: 12    Spells: 3/6 levels left

rFire   . . .      SeeInvis .   a - +4 whip
rCold   . . .      Faith    .   (no shield)
rNeg    . . .      Spirit   .   (helmet restricted)
rPois   .          Reflect  .   (no amulet)
rElec   .          Harm     .   (no ring)
rCorr   .          Rampage  .   (no ring)
Will    .....                   (no ring)
Stlth   +++.......              (no ring)
HPRegen 0.07/turn               (no ring)
MPRegen 0.10/turn               (no ring)
                                (no ring)
                                (no ring)

@: about to teleport
A: almost no armour, amphibious, 8 rings, camouflage 1, gelatinous body 1,
(nimble swimmer 1), tentacles
a: no special abilities


You were on level 3 of the Dungeon.
You visited 1 branch of the dungeon, and saw 3 of its levels.

You collected 34 gold pieces.

Inventory:

Hand Weapons
 a - a +4 whip (weapon)
 w - a +0 dagger
Missiles
 j - 11 atropa-tipped darts (quivered)
Scrolls
 d - a scroll of poison {unknown}
 e - a scroll of fog {unknown}
 f - a scroll of identify {unknown}
 g - a scroll of enchant armour {unknown}
 h - a scroll of amnesia {unknown}
 m - a scroll of acquirement {unknown}
 n - a scroll of summoning {unknown}
 o - a scroll of vulnerability {unknown}
Potions
 b - a potion of curing
 c - a potion of magic
 k - a potion of heal wounds {unknown}
 l - a potion of attraction {unknown}


   Skills:
 * Level 0.8 Short Blades
 - Level 2.0 Dodging
 + Level 4.0 Stealth
 - Level 2.0 Spellcasting
 + Level 2.0 Transmutations
 + Level 4.3 Poison Magic


You had 3 spell levels left.
You knew the following spells:

 Your Spells              Type           Power      Damage    Failure   Level
a - Sting                 Tmut/Pois      56%        1d5       4%          1
b - Poisonous Vapours     Pois/Air       20%        N/A       11%         2

Your spell library contained the following spells:

 Spells                   Type           Power      Damage    Failure   Level
 Apportation              Tloc           2%         N/A       17%         1
 Foxfire                  Conj/Fire      4%         2x1d4     17%         1
 Necrotise                Necr           4%         1d4       17%         1
 Shock                    Conj/Air       4%         1d3       17%         1
 Summon Small Mammal      Summ           4%         N/A       17%         1
 Scorch                   Fire           2%         2d5       26%         2
 Mephitic Cloud           Conj/Pois/Air  7%         N/A       28%         3
 Swiftness                Air            1%         N/A       45%         3
 Olgreb's Toxic Radiance  Pois           18%        N/A       28%         4
 Ice Form                 Ice/Tmut       5%         N/A       73%         4
 Airstrike                Air            0%         2d(1-17)  86%         4
 Metabolic Englaciation   Hex/Ice        0%         N/A       99%         5


Dungeon Overview and Level Annotations

Branches:
Dungeon (3/15)

Altars:
Ru

Annotations:
D:3 Pargi


Innate Abilities, Weirdness & Mutations

You cannot wear most types of armour.
You are amphibious.
You can wear up to eight rings at the same time.
Your skin changes colour to match your surroundings (Stealth+).
Your rubbery body absorbs attacks. (AC +1, EV +1)
((You are camouflaged when in or above water. (Stealth+)))
You have tentacles for arms and can constrict up to eight enemies at once.


Message History

You hit the hobgoblin. You squeeze the hobgoblin.
You kill the hobgoblin!
Your Stealth skill increases to level 4!
No target in view!
Done exploring.
Adjust to which letter? (? for menu, Esc to quit)
w - a +0 dagger Done exploring.
No target in view!
Done exploring.
(D) Dungeon
Where to? (Enter - D:2, ? - help)
There is a stone staircase leading down here.
You climb downwards.
Found a mace and 14 gold pieces.
Found a stone staircase leading down.
There is a stone staircase leading up here.
Pargi the Meek comes into view.
You are now empty-tentacled.
Pargi shouts!
w - a +0 dagger (weapon)
a - a +4 whip (weapon)
You hit Pargi.
Pargi is lightly wounded.
Pargi bites you. Pargi claws you. x2
You barely miss Pargi.
Pargi is lightly wounded.
Pargi misses you. Pargi claws you. Pargi barely misses you.
Casting: Sting (safe; 4% risk of failure)
Confirm with . or Enter, or press ? or * to list all spells.
Aiming: Sting (safe; 4% risk of failure)
Press: ? - help, Shift-Dir - straight line, f - Pargi
Aim: Pargi (lightly wounded, 64% to hit)
The sting misses Pargi.
Pargi bites you. Pargi claws you.
* * * LOW HITPOINT WARNING * * *
Pargi claws you.
* * * LOW HITPOINT WARNING * * *
As you read the scroll labelled ACHUETZ VOYCKA, it crumbles to dust.
You feel strangely unstable.
It was a scroll of teleportation.
Pargi closely misses you. Pargi claws you.
You die...

#.........#
####.........#
#............#
.##...<.....###
#...............
#...♣♣♣....#####
#.. #♣..## #
♣..# ♣@.# ♣.T.#
.....# #.....#
#######


You could see Pargi.

Vanquished Creatures
  A worm (D:2)
  2 dart slugs
  4 endoplasms
  2 giant cockroaches (D:1)
  5 hobgoblins
  3 jackals (D:2)
  5 kobolds
  6 quokkas
  2 ball pythons (D:2)
  2 bats (D:2)
  3 frilled lizards
  4 goblins (D:1)
  6 rats
45 creatures vanquished.

Notes
Turn   | Place    | Note
-------+----------+-------------------------------------------
     0 | D:1      | porpoise the Octopode Venom Mage began the quest for the
                  | Orb.
     0 | D:1      | Reached XP level 1. HP: 11/11 MP: 3/3
    44 | D:1      | Found a faded altar of an unknown god.
   285 | D:1      | Reached XP level 2. HP: 13/17 MP: 1/5
   658 | D:1      | Learned a level 2 spell: Poisonous Vapours
  1196 | D:1      | Reached XP level 3. HP: 21/21 MP: 6/6
  1280 | D:1      | Got Gonuop's Spellbook of Pyromania and the Blizzard
  1815 | D:2      | Found a sacrificial altar of Ru.
  2584 | D:3      | Noticed Pargi
  2593 | D:3      | Slain by Pargi

Illustrated notes

Levels and vault maps discovered:
D:1:      scummos_arrival_simple_fountains, layout_basic,
          nicolae_ecumenical_lake_church
D:2:      layout_basic, basic_altar, hex_medium
D:3:      layout_rooms, serial_shops, shop_fountains, chequers_decorated_corner,
          minmay_stone_trees_small, uniq_pargi

Skill      XL: |  1  2  3 |
---------------+----------+-----
Stealth        | 3 4 |  4.0
Poison Magic   | 4 |  4.3
Transmutations | 2 |  2.0
Short Blades   | |  0.8
Dodging        | |  2.0
Spellcasting   | |  2.0

Action                   || total
-------------------------++-------
Melee: Dagger            ||    61
       Unarmed           ||     2
       Tentacles         ||    17
       Constrict         ||    16
       Whip              ||     8
Throw: Dart              ||     1
 Cast: Sting             ||    32
  Use: Potion            ||     3
       Scroll            ||     1
 Stab: Sleeping          ||     6
       Distracted        ||     1
Armor: Skin              ||     8
Dodge: Dodged            ||    46

Table legend: (Time is in decaauts)
 A = Elapsed time spent in this place.
 B = Non-inter-level travel time spent in this place.
 C = Inter-level travel time spent in this place.
 D = Time resting spent in this place.
 E = Time spent auto-exploring this place.
 F = Levels seen in this place.
 G = Mean time per level.
                   A        B        C        D        E       F      G
               +--------+--------+--------+--------+--------+-----+--------+
         Total |   2589 |   2565 |     24 |   1040 |   1136 |   3 |  863.0 |
       Dungeon |   2589 |   2565 |     24 |   1040 |   1136 |   3 |  863.0 |
               +--------+--------+--------+--------+--------+-----+--------+

Top non-repeatable levels by time:
     D:1: 1410 daAuts
     D:2: 1168 daAuts
     D:3: 10 daAuts
